 Dungeon Crawl Stone Soup version 0.31.0-11-ge490571c62 (webtiles) character file.

Game seed: 18353099218982123591

112 browni3141 the Chopper (level 4, -1/41 HPs)
             Began as a Minotaur Fighter on Jan 28, 2024.
             Killed from afar by an orc wizard (12 damage)
             ... with a puff of flame
             ... on level 4 of the Dungeon.
             The game lasted 00:00:24 (305 turns).

browni3141 the Chopper (Minotaur Fighter)            Turns: 305, Time: 00:00:25

Health: -1/41      AC:  6    Str: 23    XL:     4   Next: 63%
Magic:  3/3        EV:  9    Int:  5    God:
Gold:   3          SH:  0    Dex:  9    Spells: 3/3 levels left

rFire   . . .        a - +0 war axe
rCold   . . .        c - +0 buckler
rNeg    . . .        b - +0 scale mail
rPois   .            (helmet restricted)
rElec   .            (no cloak)
rCorr   .            (no gloves)
SInv    .            (no boots)
Will    .....        f - amulet of the acrobat Stlth
                     (no ring)
HPRegen 0.26/turn    (no ring)
MPRegen 0.08/turn

%: acrobat
@: confused
A: horns 2, retaliatory headbutt
a: no special abilities


You were on level 4 of the Dungeon.
You visited 1 branch of the dungeon, and saw 4 of its levels.

You collected 3 gold pieces.

Inventory:

Hand Weapons
 a - a +0 war axe (weapon)
Armour
 b - a +0 scale mail (worn)
 c - a +0 buckler (worn)
Jewellery
 f - an amulet of the acrobat (around neck)
Potions
 d - a potion of curing {unknown}
 e - a potion of berserk rage {unknown}


   Skills:
 + Level 4.8 Fighting
 * Level 5.0 Axes
 - Level 3.6 Armour
 - Level 3.6 Shields


You had 3 spell levels left.
You didn't know any spells.
Your spell library was empty.

Dungeon Overview and Level Annotations

Branches:
Dungeon (4/15)
 Temple: D:4-7

Altars:

Annotations:
D:4 2 transporters, TheBioAlchemist's ghost, amateur TeAE


Innate Abilities, Weirdness & Mutations

You have a pair of horns on your head.
You reflexively headbutt those who attack you in melee.


Message History

An orc wizard comes into view. It is wielding a +0 dagger.
Found a stone staircase leading down.
The orc wizard shouts!
The adder hisses angrily.
You hear a bark!
The endoplasm barely misses you.
You slash the endoplasm!
You kill the endoplasm!
You hit the phantom. Your headbutt misses the phantom.
The phantom is moderately damaged.
You block the phantom's attack.
You miss the phantom.
The phantom is moderately damaged.
The orc wizard mumbles some strange words.
The orc wizard flickers and vanishes!
Deactivating autopickup; reactivate with Ctrl-A.
The phantom hits you. The adder bites you. The phantom barely misses you.
You furiously retaliate!
You headbutt the phantom. You hit the phantom but do no damage.
The phantom is moderately damaged.
You closely miss the adder. The adder bites you but does no damage.
The phantom hits you but does no damage.
The adder barely misses you.
You hit the phantom.
The phantom is moderately damaged.
You barely miss the adder. The adder barely misses you.
You furiously retaliate!
You headbutt the adder. The phantom hits you.
The phantom blinks!
You blink.
You closely miss the phantom.
The phantom is moderately damaged.
You block the phantom's attack. The phantom barely misses you.
You barely miss the phantom.
The phantom is moderately damaged.
The phantom closely misses you.
You miss the phantom. Your headbutt misses the phantom.
The phantom is moderately damaged.
You block the phantom's attack. You block the adder's attack.
You barely miss the adder.
The adder is heavily wounded.
You barely miss the phantom. The phantom hits you.
The adder bites you but does no damage. The phantom barely misses you.
You furiously retaliate!
You headbutt the phantom! You closely miss the phantom.
The phantom is severely damaged.
You barely miss the adder. You hit the orc. The adder misses you.
The orc hits you with a +0 short sword. The adder bites you.
The phantom hits you.
You hit the phantom.
The phantom is severely damaged.
You closely miss the adder. You hit the orc but do no damage.
The adder bites you but does no damage. You block the orc's attack.
The phantom hits you but does no damage.
The adder closely misses you. The orc barely misses you.
You closely miss the phantom. Your headbutt misses the phantom.
The phantom is severely damaged.
You closely miss the adder. You barely miss the orc.
The phantom closely misses you. The adder barely misses you.
The orc hits you with a +0 short sword.
The phantom hits you but does no damage.
You barely miss the phantom.
The phantom is severely damaged.
You hit the orc but do no damage. You closely miss the adder.
You block the adder's attack. The adder bites you but does no damage.
The orc hits you but does no damage. You block the phantom's attack.
You barely miss the phantom.
The phantom is severely damaged.
You miss the adder. You hit the orc but do no damage.
The adder barely misses you. You block the orc's attack.
The phantom hits you but does no damage.
The adder bites you but does no damage.
You hit the phantom but do no damage. Your headbutt misses the phantom.
The phantom is severely damaged.
You barely miss the adder. You hit the orc.
The orc hits you but does no damage. The adder misses you.
You furiously retaliate!
You headbutt the adder. The phantom barely misses you. You furiously retaliate!
You headbutt the phantom. The orc completely misses you.
You furiously retaliate!
You headbutt the orc!
You kill the orc!
The adder closely misses you. The phantom hits you.
The phantom blinks!
You blink.
You barely miss the phantom.
The phantom is severely damaged.
The phantom hits you but does no damage.
You hit the phantom but do no damage. You headbutt the phantom.
The phantom is almost destroyed.
The phantom hits you but does no damage.
You slash the phantom!
You destroy the phantom!
You slash the orc!
You kill the orc!
You hear some strange, mumbled words.
You are confused.
Your Axes skill gained 2 levels and is now at level 5!
You have reached level 4!
You feel stronger.
Unknown command.
You bump into the rock wall.
Something hits you.
You barely miss something. Your headbutt misses something.
You hear some strange, mumbled words.
A puff of flame appears from out of thin air!
The puff of flame hits you!
You die...

.... ##.# #.#
#.###... ........#
#.# #.##....
......#.####.#
#.##...#
#........####.#...##
###.)..........#..#8
#.###..####.....#B >
#S# #..# ###...#$
....####{###..#
#..©#?
#......@.....#
#...#g
.........###.##
#...#. ##########
#.# ##..#8 #.# #..##
#.# #...# #.. #....
### ###... ......
###.#


You could see an adder.

Vanquished Creatures
  A phantom (D:4)
  A jelly (D:2)
  2 orcs (D:4)
  A ball python (D:3)
  2 endoplasms
  A quokka (D:4)
  A frilled lizard (D:1)
  2 rats (D:3)
11 creatures vanquished.

Notes
Turn   | Place    | Note
-------+----------+-------------------------------------------
     0 | D:1      | browni3141 the Minotaur Fighter began the quest for the
                  | Orb.
     0 | D:1      | Reached XP level 1. HP: 19/19 MP: 0/0
    68 | D:2      | Noticed a jelly
    71 | D:2      | Killed a jelly
    72 | D:2      | Reached skill level 3 in Axes
    72 | D:2      | Reached XP level 2. HP: 27/27 MP: 1/1
    72 | D:2      | Reached XP level 3. HP: 33/33 MP: 2/2
   175 | D:4      | Found a transporter.
   181 | D:4      | Found a transporter.
   181 | D:4      | Noticed TheBioAlchemist's ghost (amateur TeAE)
   282 | D:4      | Noticed a phantom
   303 | D:4      | Killed a phantom
   304 | D:4      | Reached skill level 5 in Axes
   304 | D:4      | Reached XP level 4. HP: 13/41 MP: 3/3
   305 | D:4      | Killed from afar by an orc wizard

Illustrated notes

Levels and vault maps discovered:
D:1:      dpeg_arrival_simpleton_b, layout_basic, minmay_misc_feat_columns,
          solitary_fountain, minmay_parallelograms
D:2:      layout_rooms, serial_shops, shop,
          shapermc_ecumenical_altar_totnotflames, uniq_natasha
D:3:      layout_basic, nicolae_overflow_hidden_temple,
          nicolae_ru_the_path_less_chosen
D:4:      layout_loops_ring, lemuel_tele_altar, gammafunk_ghost_arena,
          uniq_sigmund

Skill      XL: |  1  2  3 |
---------------+----------+-----
Fighting       | 4 |  4.8
Axes           | 3 5 |  5.0
Armour         | |  3.6
Shields        | |  3.6

Action                     |  1- 3 |  4- 6 || total
---------------------------+-------+-------++-------
  Melee: War axe           |    34 |     1 ||    35
         Headbutt          |     2 |       ||     2
    Use: Potion            |     1 |       ||     1
 Armour: Scale mail        |    34 |     2 ||    36
  Dodge: Dodged            |    20 |       ||    20
  Block: Buckler           |    13 |       ||    13
